 Dungeon Sprint DCSS version 0.31-a0-638-g26219f789d (webtiles) character file.

Game seed: 4491053494131031679

18519 Conn the Eclecticist (level 12, -12/63 HPs)
             Began as an Octopode Fire Elementalist on Aug 27, 2023.
             Was the Champion of Sif Muna.
             Killed from afar by a fire giant (15 damage)
             ... with a fireball
             ... in the Dungeon (Sprint I: "Red Sonja").
             The game lasted 00:32:59 (4496 turns).

Conn the Eclecticist (Octopode Fire Elementalist)   Turns: 4496, Time: 00:33:04

Health: -12/63     AC:  1    Str: 12    XL:     12   Next: 59%
Magic:  13/35      EV: 15    Int: 21    God:    Sif Muna [******]
Gold:   412        SH:  0    Dex: 14    Spells: 2/50 levels left

rFire   + + .        q - +9 falchion of Vazaom {flame, rC+ rN+ rCorr}
rCold   . . .        (no shield)
rNeg    + + .        (helmet restricted)
rPois   .            f - amulet of regeneration
rElec   .            p - ring of fire
rCorr   +            t - ring of Wu Jian's Reproof {rF+ rN+ Dex+3}
SInv    .            (no ring)
Will    .....        (no ring)
Stlth   ++           (no ring)
HPRegen 0.00/turn    (no ring)
MPRegen 0.24/turn    (no ring)
                     (no ring)

%: no teleportation
@: confused, on blink cooldown, very slightly contaminated, inhibited regen
A: almost no armour, amphibious, 8 rings, camouflage 1, gelatinous body 1,
(nimble swimmer 1), tentacles, frail 1, inhibited regeneration, strong 1
a: Renounce Religion, Channel Magic, Forget Spell, Divine Exegesis


You were in the Dungeon.
You worshipped Sif Muna.
Sif Muna was exalted by your worship.
You visited 1 branch You collected 1963 gold pieces.
You spent 1551 gold pieces at shops.

Inventory:

Hand Weapons
 g - a +0 dagger
 h - a +1 scythe of protection
 k - a +0 dagger of venom
 o - the +0 sling of Conn's Destruction {antimagic, rPois rC- rCorr}
   (You bought it in a shop in the Dungeon)

   rC-:       It makes you vulnerable to cold.
   rPois:     It protects you from poison rCorr: It protects you from acid and
   corrosion.
 q - the +9 falchion of Vazaom (weapon) {flame, rC+ rN+ rCorr}
   (You bought it in a shop in the Dungeon)

   rC+:       It protects you from cold.
   rN+:       It protects you from negative energy.
   rCorr:     It protects you from acid and corrosion.
 r - the +0 whip of Qyappyc {elec, Int+5 Dex-3 SInv}
   (You bought it in a shop in the Dungeon)

   Int+5:     It affects your intelligence (+5).
   Dex-3:     It affects your dexterity (-3).
   SInv:      It lets you see invisible.
Missiles
 l - a curare-tipped dart (quivered)
Jewellery
 f - an amulet of regeneration (around mantle)
 p - a ring of fire (left tentacle)
 t - the ring of Wu Jian's Reproof (right tentacle) {rF+ rN+ Dex+3}
   (You bought it in a shop in the Dungeon)

   [ring of positive energy]

   Dex+3:     It affects your dexterity (+3).
   rF+:       It protects you from fire.
   rN+:       It protects you from negative energy.
Wands
 e - a wand of polymorph (10)
 s - a wand of acid (5)
Scrolls
 i - a scroll of brand weapon
 n - a scroll of identify
 u - a scroll of amnesia {unknown}
Potions
 a - 2 potions of magic
 b - 4 potions of curing
 c - 2 potions of heal wounds
 d - a potion of haste
 m - a potion of attraction


   Skills:
 + Level 1.7 Fighting
 + Level 1.7 Throwing
 + Level 5.3 Dodging
 - Level 4.3 Stealth
 * Level 19.9 Spellcasting
 * Level 12.0 Conjurations
 + Level 4.4 Hexes
 + Level 2.5 Summonings
 + Level 3.0 Translocations
 + Level 15.5 Fire Magic
 + Level 0.3 Ice Magic
 - Level 5.0 Air Magic
 + Level 0.2 Poison Magic
 * Level 10.2 Invocations


You had 2 spell levels left.
You knew the following spells:

 Your Spells              Type           Power      Damage    Failure   Level
a - Foxfire               Conj/Fire      100%       2x1d9     0%          1
b - Scorch                Fire           100%       2d9       0%          2
c - Inner Flame           Hex/Fire       76%        N/A       1%          3
d - Flame Wave            Conj/Fire      87%        2d19      1%          4
e - Starburst             Conj/Fire      43%        6d12      1%          6
f - Ignition              Fire           46%        3d13      26%         8
g - Mephitic Cloud        Conj/Pois/Air  45%        N/A       1%          3
h - Call Imp              Summ           62%        N/A       1%          2
i - Blink                 Tloc           66%        N/A       1%          2
j - Plasma Beam           Fire/Air       38%        2x1d52    5%          6
k - Summon Guardian Gole  Hex/Summ       35%        N/A       1%          3
l - Summon Small Mammal   Summ           100%       N/A       1%          1
m - Iskenderun's Mystic   Conj/Tloc      51%        2d11      1%          4
n - Hailstorm             Conj/Ice       47%        3d11      1%          3

Your spell library contained the following spells:

 Spells                   Type           Power      Damage    Failure   Level
 Magic Dart               Conj           100%       1d8       0%          1
 Kiss of Death            Conj/Necr      100%       2d13      1%          1
 Cigotuvi's Dreadful Rot  Necr/Pois/Air  56%        N/A       1%          2
 Momentum Strike          Conj/Tloc      100%       3d10      1%          2
 Ignite Poison            Fire/Tmut/Pois 59%        N/A       1%          3
 Stone Arrow              Conj/Erth      92%        3d12      1%          3
 Vhi's Electric Charge    Tloc/Air       74%        N/A       1%          3
 Volatile Blastmotes      Fire/Tloc      100%       2d18      1%          3
 Sticky Flame             Conj/Fire      87%        2d10      1%          4
 Fireball                 Conj/Fire      43%        3d17      1%          5
 Call Canine Familiar     Summ           31%        N/A       2%          3
 Cause Fear               Hex            19%        N/A       3%          4
 Irradiate                Conj/Tmut      23%        3d19      5%          5
 Manifold Assault         Tloc           33%        N/A       7%          4
 Silence                  Hex/Air        20%        N/A       10%         5
 Conjure Ball Lightning   Conj/Air       27%        3x3d8     11%         6
 Metabolic Englaciation   Hex/Ice        15%        N/A       24%         5
 Dispersal                Tloc           16%        N/A       71%         6
 Summon Cactus Giant      Summ           15%        N/A       78%         6
 Simulacrum               Ice/Necr       10%        N/A       97%         6
 Eringya's Noxious Bog    Tmut/Pois      10%        4d6       98%         6
 Maxwell's Capacitive Co  Air            20%        ∞         100%        8
 Fire Storm               Conj/Fire      43%        8d11      100%        9


Dungeon Overview and Level Annotations

Branches:
Dungeon (1/1)

Altars:
Cheibriados
Dithmenos
Elyvilon
Fedhas
Gozag
Hepliaklqana
Kikubaaqudgha
Makhleb
Nemelex Xobeh
Okawaru
Qazlal
Ru
Sif Muna
Trog
Uskayaw
Vehumet
Wu Jian
Xom
Yredelemnul
Zin
The Shining One
Jiyva
Lugonu

Shops:
D [*?!!(:=[[*[=([:(=([*


Innate Abilities, Weirdness & Mutations

You cannot wear most types of armour.
You are amphibious.
You can wear up to eight rings at the same time.
Your skin changes colour to match your surroundings (Stealth+).
Your rubbery body absorbs attacks. (AC +1, EV +1)
((You are camouflaged when in or above water. (Stealth+)))
You have tentacles for arms and can constrict up to eight enemies at once.
You are frail. (-10% HP)
You do not regenerate when monsters are visible.
Your muscles are strong. (Str +4, Int/Dex -1)


Message History

Confirm with . or Enter, or press ? or * to list all spells.
Casting: Plasma Beam (quite dangerous; 5% risk of failure)
Press: ? - help, Dir - look around, f - activate You feel a surge of power!
You miscast Plasma Beam.
You are very lightly contaminated with residual magic.
Flames sear your flesh. You resist.
The fire giant is engulfed in noxious fumes.
Unknown command.
Casting: Plasma Beam (quite dangerous; 5% risk of failure)
Confirm with . or Enter, or press ? or * to list all spells.
You erupt in a blast of force!
The mystic blast hits the fire giant!!
The fire giant is moderately wounded.
The fire giant is knocked back by the mystic blast.
The fire giant collides with your guardian golem!
Your guardian golem is lightly damaged.
Your guardian golem disappears in a puff of smoke!
The fire giant is engulfed in noxious fumes.
Unknown command.
The fire giant attacks as it pursues you!
The fire giant hits you with a +1 great sword of flaming!!
* * * LOW HITPOINT WARNING * * *
Okay, then.
Okay, then.
Press: ? - help, v - describe, . - travel
Here: a fire giant, wielding a +1 great sword of flaming (moderately wounded)
The floor.
Unknown command.
Unknown command.
Okay, then.
Unknown command.
Okay, then.
Unknown command.
Unknown command.
Casting: Iskenderun's Mystic Blast (dangerous; 1% risk of failure)
Confirm with . or Enter, or press ? or * to list all spells.
You blink.
You are engulfed in noxious fumes.
You choke on the stench!
You are confused.
The fire giant casts a spell at you.
The fireball explodes!
The fireball engulfs you! You resist.
You die...

####################### ###
').§#..#§§§.§§§§§..§..#..'..
#)).##'#§####§§.§.##.)'..#
#...'.§#§# ##§§C#######'#
#####.§§§# ###§#.).##
#..##+#### #@##...# §..#..○
#..###.# #..#.○.○ ##.#)#.#
##'###.○° #§.###.#
##.'.#...# #.##...#
[###.#.°## #..#'###
)∩##.#..# ##...# ####.#
###.# .§##§# #.#


You could see a fire giant.

Vanquished Creatures
  2 fire giants (D)
  A daeva (D)
  A hydra (D)
  2 centaur warriors (D)
  3 demonic crawlers (D)
  Sonja (D)
  A deep troll (D)
  A lindwurm (D)
  8 shining eyes (D)
  An oklob plant (D)
  A gargoyle (D)
  7 unseen horrors (D)
  2 kobold demonologists (D)
  A hornet (D)
  A slime creature (D)
  Sigmund (D)
  11 hogs (D)
  A yak (D)
  2 redbacks (D)
  7 floating eyes (D)
  An ogre (D)
  7 necrophages (D)
  8 jellies (D)
  Ijyb (D)
  2 ballistomycete spores (D)
74 creatures vanquished.

Vanquished Creatures (collateral kills)
  A demonic crawler (D)
1 creature vanquished.

Vanquished Creatures (others)
  A gargoyle (D)
  2 hogs (D)
  122 foxfires (D)
125 creatures vanquished.

Grand Total: 200 creatures vanquished

Notes
Turn   | Place    | Note
-------+----------+-------------------------------------------
     0 | D        | Conn the Octopode Fire Elementalist began the quest for the
                  | Orb.
     0 | D        | Reached XP level 1. HP: 11/11 MP: 3/3
    14 | D        | Noticed Ijyb
    17 | D        | Killed Ijyb
    18 | D        | Reached skill level 3 in Spellcasting
    18 | D        | Reached XP level 2. HP: 17/17 MP: 4/6
    18 | D        | Reached XP level 3. HP: 21/21 MP: 4/7
    33 | D        | Learned a level 2 spell: Scorch
    37 | D        | Learned a level 3 spell: Inner Flame
    49 | D        | Noticed an ogre
    55 | D        | Killed an ogre
    56 | D        | Reached skill level 4 in Spellcasting
    56 | D        | Reached XP level 4. HP: 27/27 MP: 1/10
   138 | D        | Noticed Sigmund
   167 | D        | Killed Sigmund
   168 | D        | Reached skill level 7 in Spellcasting
   168 | D        | Reached XP level 5. HP: 19/31 MP: 7/14
   168 | D        | Reached XP level 6. HP: 23/36 MP: 8/16
   229 | D        | Learned a level 4 spell: Flame Wave
   240 | D        | Found a shimmering blue altar of Sif Muna.
   241 | D        | Found an ornate altar of the Wu Jian Council.
   242 | D        | Found a radiant altar of Vehumet.
   243 | D        | Killed a gargoyle
   246 | D        | Reached skill level 5 in Conjurations
   248 | D        | Became a worshipper of Sif Muna the Loreminder
   275 | D        | Found Waexzil's Distillery.
   275 | D        | Found an ancient bone altar of Kikubaaqudgha.
   275 | D        | Found a hazy altar of Hepliaklqana.
   275 | D        | Found a stormy altar of Qazlal.
   275 | D        | Found a hide-covered altar of Uskayaw.
   275 | D        | Found a blossoming altar of Fedhas.
   275 | D        | Found a bloodstained altar of Trog.
   275 | D        | Found an iron altar of Okawaru.
   275 | D        | Found a basalt altar of Yredelemnul.
   275 | D        | Found a glowing golden altar of the Shining One.
   275 | D        | Found a snail-covered altar of Cheibriados.
   275 | D        | Found a sacrificial altar of Ru.
   275 | D        | Found a glowing silver altar of Zin.
   275 | D        | Found a shadowy altar of Dithmenos.
   275 | D        | Found a white marble altar of Elyvilon.
   275 | D        | Noticed a yak
   283 | D        | Killed a yak
   284 | D        | Reached skill level 8 in Spellcasting
   284 | D        | Reached XP level 7. HP: 41/41 MP: 7/19
   286 | D        | Found an opulent altar of Gozag.
   287 | D        | Found a sparkling altar of Nemelex Xobeh.
   291 | D        | Bought 2 potions of lignification for 60 gold pieces
   291 | D        | Bought a potion of heal wounds for 50 gold pieces
   293 | D        | Bought a potion of curing for 30 gold pieces
   363 | D        | Noticed Sonja
   365 | D        | Killed Sonja
   366 | D        | Reached skill level 11 in Spellcasting
   366 | D        | Reached skill level 10 in Fire Magic
   366 | D        | Reached XP level 8. HP: 46/46 MP: 13/23
   448 | D        | Found Dompec's Armour Boutique.
   468 | D        | Noticed a deep troll
   478 | D        | Killed a deep troll
   478 | D        | Reached * piety under Sif Muna
   479 | D        | Reached skill level 12 in Spellcasting
   492 | D        | Found Qogagodgh's Armour Emporium.
   555 | D        | Noticed a shining eye
   555 | D        | Noticed a shining eye
   555 | D        | Noticed a shining eye
   555 | D        | Gained mutation: You are vulnerable to heat. (rF-) [a
                  | shining eye]
   562 | D        | Noticed a shining eye
   564 | D        | Paralysed by a floating eye for 2 turns
   569 | D        | Paralysed by a floating eye for 4 turns
   576 | D        | Paralysed by a floating eye for 4 turns
   583 | D        | Paralysed by a floating eye for 3 turns
   587 | D        | Paralysed by a floating eye for 3 turns
   592 | D        | Paralysed by a floating eye for 2 turns
   599 | D        | Paralysed by a floating eye for 3 turns
   605 | D        | Paralysed by a floating eye for 4 turns
   612 | D        | Paralysed by a floating eye for 4 turns
   619 | D        | Paralysed by a floating eye for 4 turns
   625 | D        | Reached skill level 1 in Hexes
   726 | D        | Noticed a shining eye
   729 | D        | Killed a shining eye
   729 | D        | Paralysed by a floating eye for 2 turns
   730 | D        | Reached skill level 13 in Spellcasting
   730 | D        | Reached XP level 9. HP: 51/51 MP: 16/26
   732 | D        | Reached ** piety under Sif Muna
   732 | D        | Gained mutation: You are clumsy. (Dex -2) [a shining eye]
   733 | D        | Reached skill level 1 in Throwing
   733 | D        | Killed a shining eye
   852 | D        | Found a burning altar of Makhleb.
   852 | D        | Found a viscous altar of Jiyva.
   852 | D        | Found a shimmering altar of Xom.
   852 | D        | Found a corrupted altar of Lugonu.
   982 | D        | Noticed a kobold demonologist
   985 | D        | Noticed a kobold demonologist
   987 | D        | Killed a kobold demonologist
   987 | D        | Reached *** piety under Sif Muna
   987 | D        | Killed a kobold demonologist
   988 | D        | Reached skill level 14 in Spellcasting
   988 | D        | Reached XP level 10. HP: 56/56 MP: 18/28
  1220 | D        | Noticed a centaur warrior
  1221 | D        | Noticed a centaur warrior
  1231 | D        | Killed a centaur warrior
  1232 | D        | Reached skill level 5 in Invocations
  1236 | D        | Killed a centaur warrior
  1237 | D        | Reached skill level 15 in Spellcasting
  1371 | D        | Reached **** piety under Sif Muna
  1488 | D        | Noticed an oklob plant
  1683 | D        | Killed an oklob plant
  1946 | D        | Reached ***** piety under Sif Muna
  1950 | D        | Reached skill level 1 in Fighting
  2037 | D        | Killed an unseen horror
  2038 | D        | Reached skill level 16 in Spellcasting
  2038 | D        | Killed an unseen horror
  2039 | D        | Reached skill level 10 in Conjurations
  2044 | D        | Received a gift from Sif Muna
  2047 | D        | Got Sif Muna's Papyrus of the Dragon {god gift}
  2055 | D        | Learned a level 6 spell: Starburst
  2064 | D        | Learned a level 8 spell: Ignition
  2076 | D        | Reached XP level 11. HP: 19/63 MP: 6/31
  2084 | D        | Identified the +3 broad axe "Jost" {spect, Dex+2}
  2224 | D        | Found Dil Moso's Jewellery Shoppe.
  2224 | D        | Found Dueff's Book Shop.
  2224 | D        | Found Ypownam's Armour Boutique.
  2226 | D        | Found Paor's Antique Armour Emporium.
  2226 | D        | Found Geufaice's General Store.
  2226 | D        | Found Kaossu's Armour Shoppe.
  2226 | D        | Found Plog's Jewellery Boutique.
  2226 | D        | Found Qosuyduu's Antique Weapon Emporium.
  2226 | D        | Found Nale Bec's Antique Armour Shop.
  2226 | D        | Found Moefabaf's Book Shoppe.
  2230 | D        | Found Jodeg's Weapon Boutique.
  2231 | D        | Found Juawemuy's Antique Weapon Emporium.
  2231 | D        | Found Bozim's Jewellery Boutique.
  2232 | D        | Found Dikodeny's Assorted Antiques.
  2241 | D        | Bought a slimy sling for 97 gold pieces
  2241 | D        | Identified the +0 sling of Conn's Destruction {antimagic,
                  | rPois rC- rCorr} (You bought it in a shop in the Dungeon)
  2253 | D        | Bought a book of Minor Magic for 216 gold pieces
  2257 | D        | Learned a level 3 spell: Mephitic Cloud
  2260 | D        | Learned a level 2 spell: Call Imp
  2268 | D        | Bought a ring of fire for 275 gold pieces
  2272 | D        | Bought an ancient falchion for 176 gold pieces
  2272 | D        | Identified the +9 falchion of Vazaom {flame, rC+ rN+ rCorr}
                  | (You bought it in a shop in the Dungeon)
  2273 | D        | Bought a crude whip for 165 gold pieces
  2273 | D        | Identified the +0 whip of Qyappyc {elec, Int+5 Dex-3 SInv}
                  | (You bought it in a shop in the Dungeon)
  2275 | D        | Bought an Inescapable Atlas for 192 gold pieces
  2278 | D        | Learned a level 2 spell: Blink
  2282 | D        | Bought a blackened lead wand for 60 gold pieces
  2290 | D        | Identified the +1 robe "Uskisuge" {Str+3}
  2334 | D        | Killed a shining eye
  2335 | D        | Reached skill level 1 in Translocations
  2335 | D        | Reached skill level 1 in Air Magic
  2339 | D        | Killed a shining eye
  2356 | D        | Killed a shining eye
  2356 | D        | Received a gift from Sif Muna
  2359 | D        | Got Sif Muna's Sophisticated Gnosis {god gift}
  2366 | D        | Noticed a shining eye
  2523 | D        | Killed a shining eye
  2524 | D        | Reached skill level 17 in Spellcasting
  2570 | D        | Noticed a shining eye
  2578 | D        | Killed a shining eye
  2581 | D        | Noticed a shining eye
  2589 | D        | Gained mutation: Potions are less effective at restoring
                  | your health. [a shining eye]
  2591 | D        | Killed a shining eye
  2591 | D        | Reached ****** piety under Sif Muna
  2667 | D        | Found Qewuwam's Assorted Antiques.
  2667 | D        | Found Ryesme's Distillery.
  2667 | D        | Found Guth's Magic Scroll Emporium.
  2667 | D        | Found Qiosifi's Weapon Boutique.
  2672 | D        | Bought a twitching brass ring for 130 gold pieces
  2672 | D        | Identified the ring of Wu Jian's Reproof {rF+ rN+ Dex+3}
                  | (You bought it in a shop in the Dungeon)
  2684 | D        | Bought a potion of mutation for 80 gold pieces
  2685 | D        | Lost mutation: Potions are less effective at restoring your
                  | health. [potion of mutation]
  2685 | D        | Lost mutation: You are vulnerable to heat. (rF-) [potion of
                  | mutation]
  2685 | D        | Lost mutation: You are clumsy. (Dex -2) [potion of
                  | mutation]
  2685 | D        | Gained mutation: You do not regenerate when monsters are
                  | visible. [potion of mutation]
  2685 | D        | Gained mutation: You are frail. (-10% HP) [potion of
                  | mutation]
  2685 | D        | Gained mutation: Your muscles are strong. (Str +4, Int/Dex
                  | -1) [potion of mutation]
  2694 | D        | Bought a scroll of identify for 20 gold pieces
  2748 | D        | Noticed a demonic crawler
  2748 | D        | Noticed a demonic crawler
  2748 | D        | Noticed a demonic crawler
  2748 | D        | Noticed a demonic crawler
  2759 | D        | Learned a level 6 spell: Plasma Beam
  2764 | D        | Killed a demonic crawler
  2765 | D        | Reached skill level 1 in Summonings
  2768 | D        | Killed a demonic crawler
  2770 | D        | Killed a demonic crawler
  2770 | D        | Received a gift from Sif Muna
  2771 | D        | Killed a demonic crawler
  2772 | D        | Reached skill level 18 in Spellcasting
  2777 | D        | Learned a level 3 spell: Summon Guardian Golem
  2779 | D        | Learned a level 1 spell: Summon Small Mammal
  2928 | D        | Noticed a lindwurm
  2928 | D        | Killed a lindwurm
  3000 | D        | Received a gift from Sif Muna
  3001 | D        | Got Sif Muna's Spellbook of Arson {god gift}
  3009 | D        | Reached skill level 5 in Air Magic
  3143 | D        | Reached XP level 12. HP: 62/62 MP: 25/34
  3277 | D        | Noticed a 12-headed hydra
  3369 | D        | Killed a 12-headed hydra
  3369 | D        | Received a gift from Sif Muna
  3370 | D        | Reached skill level 5 in Dodging
  3370 | D        | Got Sif Muna's Commentary on Elliptic Obstruction {god
                  | gift}
  3376 | D        | Learned a level 4 spell: Iskenderun's Mystic Blast
  3516 | D        | Noticed a daeva
  3857 | D        | Killed a daeva
  3858 | D        | Reached skill level 19 in Spellcasting
  3858 | D        | Reached skill level 15 in Fire Magic
  4016 | D        | Received a gift from Sif Muna
  4020 | D        | Got Sif Muna's Vademecum on Overcast Violence {god gift}
  4025 | D        | Learned a level 3 spell: Hailstorm
  4155 | D        | Noticed a fire giant
  4158 | D        | Noticed a fire giant
  4160 | D        | Killed a fire giant
  4160 | D        | Noticed a fire giant
  4161 | D        | Reached skill level 10 in Invocations
  4162 | D        | Noticed a fire giant
  4330 | D        | Killed a fire giant
  4495 | D        | HP: 3/63 [fire giant/+1 great sword of flaming (28)]
  4496 | D        | Killed from afar by a fire giant

Illustrated notes

Levels and vault maps discovered:
D:        dungeon_sprint_1 [red_sonja_temple_1, red_sonja_temple_small_1]

Skill      XL: |  1  2  3  4  5  6  7  8  9 10 11 12 |
---------------+-------------------------------------+-----
Stealth        | 3 4 |  4.3
Spellcasting   | 3 4 7 8 11 13 14 16 18 19 | 19.9
Conjurations   | 2 3 4 5 6 8 10 11 12 | 12.0
Fire Magic     | 4 6 8 9 10 11 12 13 14 15 | 15.5
Dodging        | 3 4 5 |  5.3
Hexes          | 1 3 4 |  4.4
Invocations    | 2 4 6 8 10 | 10.2
Throwing       | 1 |  1.7
Fighting       | 1 |  1.7
Translocations | 3 |  3.0
Air Magic      | 5 |  5.0
Summonings     | 2 |  2.5
Ice Magic      | |  0.3
Poison Magic   | |  0.2

Action                     |  1- 3 |  4- 6 |  7- 9 | 10-12 || total
---------------------------+-------+-------+-------+-------++-------
  Melee: Unarmed           |     2 |       |       |       ||     2
         Tentacles         |     2 |       |       |       ||     2
         Constrict         |     1 |       |       |       ||     1
  Throw: Dart              |       |       |     2 |     2 ||     4
   Cast: Foxfire           |     3 |     6 |    13 |    61 ||    83
         Scorch            |     2 |    12 |    21 |    92 ||   127
         Inner Flame       |       |       |    13 |    14 ||    27
         Flame Wave        |       |       |     1 |    15 ||    16
         Call Imp          |       |       |       |     6 ||     6
         Plasma Beam       |       |       |       |     8 ||     8
         Summon Guardian G |       |       |       |     4 ||     4
         Starburst         |       |       |       |     3 ||     3
         Summon Cactus Gia |       |       |       |     1 ||     1
         Hailstorm         |       |       |       |     7 ||     7
         Mephitic Cloud    |       |       |       |     5 ||     5
         Blink             |       |       |       |     2 ||     2
         Iskenderun's Myst |       |       |       |     2 ||     2
 Invoke: Channel Magic     |       |       |     1 |       ||     1
         Divine Exegesis   |       |       |       |     1 ||     1
    Use: Potion            |     1 |     1 |     2 |     4 ||     8
         Scroll            |       |       |       |     2 ||     2
 Armour: Skin              |       |       |       |    31 ||    31
  Dodge: Dodged            |       |     3 |       |    16 ||    19

Table legend: (Time is in decaauts)
 A = Elapsed time spent in this place.
 B = Non-inter-level travel time spent in this place.
 C = Inter-level travel time spent in this place.
 D = Time resting spent in this place.
 E = Time spent auto-exploring this place.
 F = Levels seen in this place.
 G = Mean time per level.
                   A        B        C        D        E       F      G
               +--------+--------+--------+--------+--------+-----+--------+
         Total |   4499 |   4491 |      8 |   2953 |     13 |   1 | 4499.0 |
       Dungeon |   4499 |   4491 |      8 |   2953 |     13 |   1 | 4499.0 |
               +--------+--------+--------+--------+--------+-----+--------+

Top non-repeatable levels by time:
       D: 4499 daAuts
